Map: Acid Plant LE

Players

Marzbar

  • Race: Zerg Zerg
  • League: Diamond
  • Spawn Location: 5:00

Jaxter - Winner!

  • Race: Zerg Zerg
  • League: Diamond
  • Spawn Location: 11:00

VOD

Have the link to the VOD?

Description

Time

  • Played on: June 17, 2018, 5:25 p.m.
  • Length: 13:31
Show
View Real Time Build Order
Export as new Build Order

Marzbar Zerg 

Build Orders: Hatch First, Lurkers 

Get SALT Encoding   

  12  0:01  Drone  
  13  0:12  Overlord  
  13  0:17  Drone  
  14  0:30  Drone x2  
  14  0:34  Drone  
  17  0:53  Hatchery  
  17  0:57  Drone  
  17  1:00  Drone  
  17  1:02  Extractor  
  17  1:16  Spawning Pool  
  16  1:19  Drone  
  17  1:34  Drone x2  
  19  1:40  Overlord  
  19  2:05  Queen x2  
  19  2:06  Zergling x4  
  25  2:11  Metabolic Boost  
  25  2:16  Drone  
  25  2:19  Drone  
  27  2:24  Drone  
  27  2:25  Drone  
  29  2:33  Drone  
  29  2:36  Drone  
  31  2:53  Hatchery  
  30  3:07  Zergling x2  
  30  3:08  Zergling x2  
  30  3:09  Drone  
  30  3:10  Overlord, Drone  
  30  3:11  Drone  
  35  3:22  Overlord x2  
  35  3:41  Drone x3  
  37  3:42  Zergling x6  
  37  3:56  Zergling x12  
  37  4:02  Baneling Nest  
  42  4:04  Queen  
  42  4:06  Overlord  
  44  4:21  Drone  
  44  4:22  Drone x5  
  44  4:23  Overlord  
  50  4:28  Queen  
  52  4:35  Drone  
  52  4:36  Drone x2  
  55  4:52  Baneling x3  
  55  4:53  Baneling  
  54  5:09  Roach Warren, Evolution Chamber  
  54  5:12  Drone  
  54  5:13  Extractor x2  
  54  5:14  Drone x6  
  51  5:15  Zergling x10  
  51  5:16  Zergling x4  
  51  5:21  Zergling x8  
  64  5:26  Drone  
  64  5:49  Baneling  
  63  5:50  Baneling  
  63  5:51  Overlord  
  63  5:52  Roach x5  
  63  5:54  Overlord x4  
  73  6:00  Drone  
  73  6:03  Zerg Missile Weapons Level 1  
  74  6:05  Lair  
  74  6:10  Baneling  
  64  6:27  Roach  
  64  6:28  Roach x9  
  83  6:35  Extractor, Drone  
  83  6:36  Drone x2  
  83  6:37  Drone  
  83  6:38  Drone  
  83  6:39  Roach  
  88  6:41  Roach  
  88  6:44  Roach  
  92  6:55  Roach x4  
  92  6:56  Roach  
  102  7:06  Glial Reconstitution  
  102  7:14  Hydralisk Den  
  102  7:15  Evolution Chamber, Drone x8  
  108  7:32  Drone  
  108  7:33  Drone x4  
  113  7:45  Hatchery  
  113  7:49  Lurker Den, Overlord x2  
  109  8:01  Zerg Missile Weapons Level 2  
  109  8:02  Zerg Ground Armor Level 1  
  109  8:06  Extractor  
  109  8:09  Extractor  
  109  8:11  Hydralisk  
  109  8:12  Roach, Hydralisk x5  
  113  8:14  Zergling x2  
  113  8:15  Zergling x6  
  125  8:21  Drone x3  
  128  8:29  Overlord x2  
  128  8:30  Overlord  
  122  8:39  Hydralisk  
  120  8:41  Overlord x2  
  120  8:49  Hydralisk x4  
  124  9:16  Lurker  
  124  9:17  Lurker x5  
  105  9:41  Hydralisk x8  
  105  9:42  Hydralisk  
  105  9:43  Zergling x22  
  91  10:07  Hydralisk x8  
  86  10:24  Hydralisk x3  
  86  10:25  Hydralisk  
  88  10:32  Lurker  
  89  10:39  Extractor x2, Zergling x2  
  89  10:40  Zergling x14  
  95  10:44  Lurker  
  95  10:45  Lurker  
  97  10:51  Drone x4  
  97  10:55  Lurker  
  103  10:57  Lurker  
  103  11:00  Drone  
  103  11:01  Drone x3  
  103  11:02  Queen  
  103  11:03  Queen x2  
  113  11:09  Baneling x2  
  113  11:10  Baneling  
  113  11:16  Hydralisk  
  113  11:17  Hydralisk x4  
  120  11:24  Hydralisk x2  
  120  11:25  Hydralisk  
  123  11:34  Spore Crawler  
  123  11:36  Spore Crawler  
  123  11:38  Spore Crawler  
  123  11:39  Spore Crawler x2  
  116  11:45  Lurker x3  
  119  11:50  Drone x4  
  123  11:56  Overseer x2  
  97  12:09  Hydralisk  
  97  12:10  Hydralisk x6  
  88  12:25  Hydralisk  
  88  12:26  Hydralisk x4  
  88  12:28  Drone x2  
  95  12:47  Hydralisk  
  95  12:48  Hydralisk x4, Zergling x2  
  69  13:06  Roach x6  
  69  13:07  Roach  
  79  13:14  Zergling x4  
Show
View Real Time Build Order
Export as new Build Order

Jaxter Zerg - Winner!

Build Orders: Hatch First 

Get SALT Encoding   

  12  0:02  Drone  
  13  0:13  Overlord  
  13  0:17  Drone  
  14  0:32  Drone  
  14  0:33  Drone  
  16  0:38  Drone  
  17  0:56  Hatchery  
  16  0:58  Drone  
  16  1:02  Drone  
  18  1:12  Extractor  
  18  1:17  Spawning Pool  
  16  1:18  Drone  
  16  1:21  Drone  
  18  1:30  Drone  
  19  1:44  Drone  
  20  1:51  Overlord  
  20  2:04  Drone  
  20  2:07  Queen  
  23  2:08  Zergling x2  
  23  2:09  Queen  
  23  2:12  Drone  
  23  2:15  Metabolic Boost  
  27  2:19  Drone  
  28  2:32  Drone x2  
  28  2:35  Drone  
  31  2:42  Hatchery  
  31  2:43  Drone  
  31  2:50  Baneling Nest  
  30  2:51  Drone  
  31  2:58  Drone x2  
  31  3:03  Drone  
  33  3:06  Drone  
  34  3:19  Zergling x4  
  36  3:20  Overlord  
  36  3:38  Queen  
  37  3:43  Zergling x4, Drone x2  
  37  3:44  Zergling x4  
  43  3:55  Drone x2  
  43  3:56  Drone  
  43  3:58  Baneling x2  
  44  4:06  Drone  
  44  4:08  Drone x2  
  44  4:09  Extractor  
  46  4:13  Roach Warren, Lair  
  46  4:15  Evolution Chamber  
  44  4:20  Zergling x2, Baneling x2  
  44  4:22  Queen  
  47  4:25  Drone x3  
  47  4:26  Overlord x2  
  50  4:31  Extractor  
  50  4:33  Drone  
  50  4:42  Zerg Missile Weapons Level 1  
  50  4:51  Drone x2  
  50  4:52  Drone  
  53  4:54  Drone x4  
  53  4:55  Drone  
  53  4:56  Drone x3  
  53  4:57  Drone  
  53  4:58  Roach  
  53  4:59  Roach  
  65  5:11  Overlord x2  
  65  5:13  Glial Reconstitution  
  65  5:18  Overseer  
  65  5:30  Roach x4  
  65  5:31  Overlord x2  
  65  5:32  Overlord  
  73  5:36  Extractor  
  71  5:50  Drone x2  
  71  5:51  Drone x3  
  71  5:54  Roach x5  
  71  5:56  Drone  
  87  6:06  Roach, Overlord x2  
  87  6:10  Evolution Chamber  
  87  6:11  Drone  
  87  6:31  Extractor  
  82  6:35  Baneling  
  82  6:37  Drone  
  82  6:38  Drone x5  
  82  6:39  Drone x3  
  91  6:42  Extractor, Hatchery  
  91  6:43  Zerg Missile Weapons Level 2  
  91  6:44  Zerg Ground Armor Level 1  
  89  6:48  Drone  
  89  6:49  Hydralisk Den  
  89  6:50  Drone  
  90  6:55  Drone x2  
  90  6:56  Drone  
  90  6:57  Drone x2  
  90  6:58  Roach x4  
  104  7:01  Ravager x2  
  104  7:02  Overlord x2  
  105  7:20  Lurker Den  
  105  7:22  Drone x2  
  106  7:25  Drone  
  106  7:27  Hydralisk x5  
  106  7:29  Hydralisk  
  119  7:32  Roach  
  119  7:33  Overlord x3  
  119  7:34  Extractor  
  119  7:35  Drone  
  121  7:50  Queen  
  123  7:55  Roach x5  
  123  7:56  Roach x2  
  135  7:59  Roach x4  
  135  8:01  Ravager  
  135  8:02  Ravager  
  135  8:03  Roach x2  
  149  8:10  Overlord  
  149  8:11  Overlord x2  
  149  8:12  Roach  
  151  8:13  Ravager  
  151  8:15  Overseer  
  140  8:37  Roach x7  
  140  8:38  Roach x7, Overlord  
  140  8:39  Overlord  
  166  8:42  Ravager  
  166  8:43  Ravager  
  168  8:57  Roach x4  
  168  8:58  Roach x3  
  182  9:08  Drone x2  
  184  9:13  Drone  
  184  9:14  Hydralisk x2, Drone x2  
  192  9:17  Drone  
  187  9:24  Extractor  
  139  9:50  Hydralisk x2, Overseer  
  138  9:59  Ravager  
  137  10:00  Lurker  
  137  10:06  Ravager  
  101  10:26  Roach x8  
  101  10:27  Roach x17  
  134  10:33  Drone  
  135  10:41  Hydralisk x3  
  135  10:42  Hydralisk  
  141  10:46  Zerg Ground Armor Level 2  
  141  10:47  Infestation Pit  
  141  10:48  Overseer  
  141  10:49  Hatchery  
  141  10:50  Hydralisk x2  
  141  10:51  Roach  
  141  10:52  Ravager x5  
  141  10:53  Ravager x2  
  141  10:55  Overseer  
  154  10:59  Roach x2  
  158  11:06  Roach x2  
  158  11:07  Roach x7  
  158  11:08  Overlord x2  
  174  11:28  Roach x6, Overlord  
  174  11:29  Overlord x2  
  186  11:37  Drone x4  
  186  11:38  Drone x6  
  192  11:43  Spire, Hive  
  191  11:51  Pneumatized Carapace  
  191  11:52  Overseer x2  
  161  12:23  Hydralisk x2, Overseer x3  
  161  12:24  Hydralisk x2  
  161  12:28  Roach x2, Hydralisk x5  
  161  12:29  Hydralisk x6  
  159  12:51  Ravager x2  
  150  12:53  Roach x2  
  147  13:08  Drone  
  165  13:29  Ravager  
Tags
 
Composition
Lurkers
Matchup
ZvZ
Race
Zerg
Replay Pack
June Replays
Spawn Locations
Cross Positions
Add a new tag
Caveats
  • Supply blocks, unpowered buildings, or Contaminate may cause inaccurate times.
  • Supply counts are checked every 10 seconds.